[Event "Festival Groningen-A 2024"]
[Site "Groningen"]
[Date "2024.12.22"]
[Round "2.13"]
[White "Mareau, Timothe"]
[Black "Poetsch, Hagen"]
[Result "0-1"]
[ECO "B23"]
[WhiteElo "2168"]
[BlackElo "2491"]
[Annotator "TA"]
[PlyCount "72"]
[EventDate "2024.12.21"]
[EventType "swiss"]
[EventCountry "NED"]
[SourceTitle "playchess.com"]
[Source "ChessBase"]
[SourceQuality "1"]
[TimeControl "40/5400+30:1800+30"]

1. e4 c5 2. Nc3 a6 3. Nge2 d6 4. g3 g6 5. Bg2 Bg7 6. O-O Nc6 7. d3 e6 8. f4 {[%emt 0:02:36] White has an edge.} Nge7 9. g4 f5 10. Ng3 O-O 11. h4 (11. g5 $15) 11... fxg4 $17 12. Qxg4 Nd4 (12... h5 $17 13. Qg5 Nd4) 13. h5 (13. Rf2 $15) 13... Nxc2 14. Rb1 {[%emt 0:00:54] [#]} c4 {[%emt 0:02:23] Black is more active.} 15. hxg6 (15. dxc4 $11 Qb6+ 16. Kh2) 15... hxg6 $15 16. f5 cxd3 $2 (16... exf5 17. exf5 Rf7 (17... Nxf5 18. Qxg6 Qh4 19. Nh5 $11) (17... Bxf5 18. Nxf5 Rxf5 19. Rxf5 $15) 18. Kh1 $15 (18. Qxc4 $2 Bd4+ 19. Rf2 Bxf5 $19) (18. dxc4 Qb6+ 19. Kh2 Bxc3 $19)) (16... Qe8 $17 17. f6 (17. fxe6 Rxf1+ 18. Nxf1 Nc6 $17) 17... Rxf6) 17. Bg5 $14 Qb6+ (17... exf5 $11 18. exf5 Qb6+ 19. Rf2 Bxf5 (19... gxf5 $2 20. Qh5 $18) 20. Qc4+ Rf7 (20... d5 $2 21. Bxd5+ Nxd5 22. Nxd5 $18) 21. Nxf5 (21. Bxe7 $2 Qxf2+ 22. Kxf2 Be6+ 23. Bf3 Bxc4 $19) 21... gxf5 (21... Nxf5 22. Bd5 $16)) 18. Kh1 $16 Ne3 19. Qh4 Nxf1 ({Black should play} 19... exf5 $14 20. Bxe7 Rf7) 20. Rxf1 Nc6 (20... Qd4 $16) 21. fxg6 $18 Rxf1+ 22. Bxf1 {[%emt 0:00:04] And now Qh7+ would win.} Qf2 {[%emt 0:03:08] [#]} 23. Qh7+ $2 (23. e5 $1 $18 {Threatening mate with Bf6.} Nxe5 24. Qh7+ Kf8 25. Nce4 Qf3+ 26. Bg2 Qd1+ 27. Kh2 Ng4+ 28. Kh3) 23... Kf8 $16 {[%emt 0:00:05] [#]} 24. Bh6 $2 (24. e5 $1 $16 {Hoping for Bf6.} Qf3+ (24... Qxg3 $2 25. Bf6 $18) (24... Nxe5 $2 25. Nce4 $18) 25. Bg2 Qxg3 26. Bf6 Qe1+ (26... Ke8 27. Qg8+ Kd7 28. Qxg7+ Ke8 29. Qf7#) 27. Kh2 Qxe5+ 28. Bxe5 Nxe5 29. Qh4) 24... Bxh6 $17 25. Qxh6+ Ke8 26. g7 Ne7 (26... Qxg3 $2 27. Qh8+ Kd7 28. g8=Q (28. g8=R Qf4 $11) 28... Qxg8 29. Qxg8 $18) 27. Qh8+ (27. Qg5 $17) 27... Kd7 $19 28. g8=Q Nxg8 29. Qxg8 b5 (29... Qxb2 30. Qg7+ Kc6 31. Bxd3 $15) 30. Bh3 Kc7 $1 {[%emt 0:02:50] ...b4 is the strong threat.} (30... Qxb2 $2 {is the wrong capture.} 31. Qxe6+ (31. Bxe6+ Kc7 $18) 31... Kc6 32. Qd5+ Kb6 33. Qxd6+ (33. Qxa8 Qc1+ 34. Bf1 Qh6+ 35. Kg2 Qd2+ 36. Be2 Qxc3 $16) 33... Kb7 34. Qd5+ Kb6 35. Qxa8 $18) 31. Qg7+ Kb6 (31... Kb8 $142 32. Nf1 Qxb2) 32. a4 $2 (32. Nf1) 32... Ra7 (32... Qxb2 $2 {too greedy.} 33. Nd5+ exd5 34. Qxb2 $18) (32... d2 $2 33. a5+ Kc6 34. Qg4 $19) 33. Qg8 Rc7 34. Qg5 b4 35. a5+ Kb7 36. Na4 d2 {[%emt 0:00:21] Weighted Error Value: White=1.00/Black=0.35.  Loses game:     	---       	Black=1      Mistake:       	White=5     	Black=6      Inaccurate:     	White=4     	---        OK:         	White=5     	Black=4      Best:        	White=3     	Black=6      Strong:       	---       	Black=1} 0-1

[Event "Festival Groningen-A 2024"]
[Site "Groningen"]
[Date "2024.12.22"]
[Round "2.14"]
[White "Mitusov, Semen"]
[Black "Mostertman, Milan"]
[Result "1-0"]
[ECO "C11"]
[WhiteElo "2465"]
[BlackElo "2244"]
[Annotator "TA"]
[PlyCount "143"]
[EventDate "2024.12.21"]
[EventType "swiss"]
[EventCountry "NED"]
[SourceTitle "playchess.com"]
[Source "ChessBase"]
[SourceQuality "1"]
[TimeControl "40/5400+30:1800+30"]

1. e4 e6 2. d4 d5 3. Nc3 Nf6 4. e5 Nfd7 5. f4 c5 6. Nf3 Nc6 7. Be3 cxd4 8. Nxd4 Qb6 9. Qd2 Qxb2 10. Rb1 Qa3 11. Bb5 Nxd4 {[%emt 0:00:19] C11: French: Classical System: 4 e5 and 4 Bg5 dxe4.} 12. Bxd4 a6 13. Bxd7+ Bxd7 14. Rb3 Qe7 15. Rxb7 Qd8 {[%emt 0:00:21] Recently 15...Qh4+ got a lot of attention.} 16. Bb6 Qh4+ 17. Bf2 Qd8 18. Bb6 Qh4+ 19. g3 Qg4 (19... Qh3 $14) 20. O-O $1 $16 Rc8 21. Nd1 $1 Qf5 22. Ne3 Qe4 23. Bd4 $1 Bc5 $146 (23... Be7 $16) ({Predecessor:} 23... Be7 24. Re1 Bd8 25. f5 exf5 26. Nc4 Rxc4 27. Rxe4 fxe4 28. e6 Bxe6 29. Bxg7 Rg8 30. Qh6 Rxg7 31. Qxg7 {1-0 Bormida,A (2397)-Gubo,J (2073) CP-2015-Q-00001}) 24. Bxc5 $18 Rxc5 25. Rb4 $1 Qg6 26. f5 Qg5 27. Rg4 Qh6 28. f6 g6 29. Qd4 (29. Rf2 $18) 29... Rc8 30. c4 Qf8 $2 (30... O-O $16) 31. Rgf4 (31. cxd5 $18 {is the precise move to win. Nc4 is the strong threat.} exd5 32. Nxd5) 31... g5 32. Rg4 Qc5 33. Rd1 (33. cxd5 exd5 34. Qxc5 Rxc5 35. Rxg5 d4 $16) 33... h6 34. Kf2 (34. cxd5 $6 exd5 35. Qxc5 Rxc5 $11) 34... Ba4 (34... Qxd4 $16 {was necessary.} 35. Rgxd4 O-O) 35. Rd2 h5 36. Qxc5 Rxc5 37. Rgd4 O-O 38. cxd5 Bd7 39. h4 g4 (39... Kh7 $16 {is a better defense.}) 40. Re4 (40. Rb4 $18 {has better winning chances.}) 40... exd5 (40... Kh7 $16) 41. Nxd5 (41. Rxd5 $18 Rc7 42. e6 fxe6 43. Rg5+ (43. Rxh5 Rxf6+ 44. Ke1 Kf8 $16) 43... Kh7 44. Rxh5+ Kg6 45. Rg5+ (45. Rxg4+ $2 Kxh5 46. Rg5+ Kh6 $19) 45... Kxf6 46. a3 (46. Nxg4+ Ke7+ 47. Rf4 Rxf4+ 48. gxf4 Rc2+ 49. Kf3 Bc6+ 50. Ke3 Bd5 $14) (46. Rgxg4 e5 $16) (46. Rexg4 Ke7+ 47. Rf4 Rxf4+ 48. gxf4 Kf8 $16)) 41... Rxd5 (41... Kh7 $1 $14) 42. Rxd5 $16 Bc6 {[%emt 0:00:05] [#]} 43. Rdd4 $2 ({Only move:} 43. Red4 $1 $18 Bxd5 44. Rxd5) 43... Bxe4 $11 44. Rxe4 Re8 45. Ke3 Kh7 $1 46. Kd4 (46. a4 $14) 46... Kg6 $11 47. Rf4 Rd8+ 48. Kc5 Re8 (48... Rd3 $2 49. e6 Rc3+ 50. Kd4 $18) 49. Kd6 Re6+ 50. Kd5 a5 51. Rf2 (51. a4 $16) 51... a4 $11 52. a3 Rb6 53. Kd4 Rb8 ({Don't go for} 53... Rb3 $2 54. e6 Rf3 55. e7 Rxf2 56. e8=Q $18 (56. e8=R $2 {too greedy.} Rf3 $19)) 54. Rf4 Rb6 55. Kc5 Re6 56. Kd5 Ra6 57. Ke4 Rb6 $2 (57... Rc6 $11) 58. Rf5 $18 Rb3 59. Rg5+ Kh6 60. Rg8 ({Not} 60. Rg7 Re3+ 61. Kxe3 $11) 60... Rb1 61. Kd4 Re1 {[%emt 0:00:16] [#]} 62. Kd5 $1 Re2 63. Kd6 Re3 64. Ke7 Kh7 65. Kxf7 Rxe5 66. Rg5 Rxg5 67. hxg5 h4 68. gxh4 g3 69. g6+ Kh6 70. g7 g2 71. g8=Q g1=Q 72. Qh8# 1-0

[Event "Festival Groningen-A 2024"]
[Site "Groningen"]
[Date "2024.12.22"]
[Round "2.15"]
[White "De Boer, Eelke"]
[Black "Sharma, Dinesh K."]
[Result "1-0"]
[ECO "B90"]
[WhiteElo "2426"]
[BlackElo "2200"]
[Annotator "TA"]
[PlyCount "79"]
[EventDate "2024.12.21"]
[EventType "swiss"]
[EventCountry "NED"]
[SourceTitle "playchess.com"]
[Source "ChessBase"]
[SourceQuality "1"]
[TimeControl "40/5400+30:1800+30"]

1. e4 c5 2. Nf3 d6 3. d4 cxd4 4. Nxd4 Nf6 5. Nc3 a6 6. Bd3 e5 7. Nde2 Nbd7 8. O-O Nc5 9. Bg5 Be7 {[%emt 0:01:16][%cal Of6e4,Bf8e7,Be7f6,Bf6g5][%mdl 32] White is slightly better.} 10. Bxf6 Bxf6 11. Nd5 Be6 {[%emt 0:06:35] And now ...Bxd5 would win.} 12. Nec3 O-O 13. a4 Nd7 14. a5 Bg5 15. Bc4 Rc8 16. Qe2 Kh8 17. b4 Rc6 18. Bb3 f5 (18... Qc8 $14) 19. exf5 $16 Bxf5 20. Ne4 {[%emt 0:01:19] Excellent horsemanship.} Bh6 21. Rad1 Nf6 22. Ndxf6 gxf6 23. Bd5 Rc7 24. Qh5 {[%emt 0:00:09] White is more active.} Bxe4 25. Bxe4 f5 26. Qxh6 Rf6 27. Qe3 fxe4 28. Qxe4 Qf8 (28... Rf4 $16 29. Qxe5+ dxe5 30. Rxd8+ Kg7) 29. g3 (29. Rd5 $18) 29... Qf7 30. Rd5 Rc3 $2 {[%emt 0:04:13] [#]} (30... Qg6 $16 {was necessary.} 31. Qxg6 hxg6) 31. Rfd1 $1 $18 Rc6 32. R1d2 Qc7 (32... Qg6 $142 33. Qe2 b5) 33. f4 Rc4 34. Qe2 exf4 (34... e4 35. R5d4 Rxd4 36. Rxd4 Rxf4) 35. Qe8+ Kg7 36. Rg5+ Rg6 37. Rxg6+ hxg6 38. Re2 Qc8 {[%emt 0:00:18] [#]} 39. Qe7+ $1 Kg8 40. Re6 {[%emt 0:00:51] Weighted Error Value: White=0.34/Black=0.51.  Loses game:     	---       	Black=1      Mistake:       	White=1     	Black=4      Inaccurate:     	White=1     	Black=6      OK:         	White=13    	Black=8      Best:        	White=2     	Black=2      Strong:       	White=1     	---} 1-0

[Event "Festival Groningen-A 2024"]
[Site "Groningen"]
[Date "2024.12.22"]
[Round "2.16"]
[White "Wempe, Joost"]
[Black "Palchuk, Andrii"]
[Result "0-1"]
[ECO "A49"]
[WhiteElo "2233"]
[BlackElo "2372"]
[Annotator "TA"]
[PlyCount "40"]
[EventDate "2024.12.21"]
[EventType "swiss"]
[EventCountry "NED"]
[SourceTitle "playchess.com"]
[Source "ChessBase"]
[SourceQuality "1"]
[TimeControl "40/5400+30:1800+30"]

1. d4 g6 2. Nf3 Bg7 3. g3 Nf6 4. Bg2 O-O 5. O-O d6 6. b3 e5 7. dxe5 dxe5 8. Ba3 e4 9. Nd4 ({White should try} 9. Bxf8 $14 Qxf8 10. Nd4) 9... Re8 $15 10. c4 (10. c3 $15) 10... e3 $19 11. Nc3 $2 (11. fxe3 Ng4 (11... Rxe3 12. Nc3 $11) 12. Rxf7 Bxd4 (12... Kxf7 13. Bd5+ Kf6 14. Qf1+ Bf5 15. Bb2 $16) 13. Bd5 Qxd5 (13... Bxa1 14. Qf1 $11) (13... Bxe3+ 14. Kg2 $17) 14. cxd5 Bxe3+ (14... Bxa1 15. Re7 $11) 15. Kg2 Kxf7 16. d6) 11... exf2+ 12. Kh1 c6 {[%emt 0:00:08] Hoping for ...Ng4.} 13. Nc2 (13. Nf3 {is a better defense.}) 13... Qa5 14. Qd2 Rd8 15. Bd6 Ng4 ({Weaker is} 15... Rxd6 16. Qxd6 Na6 (16... Qxc3 $2 {perishes.} 17. Qd8+ Bf8 18. Qxc8 $18) 17. b4 $15) 16. b4 Qh5 17. h4 Bxc3 18. Qxc3 Rxd6 19. Rad1 Rxd1 20. Rxd1 Nd7 0-1

[Event "Festival Groningen-A 2024"]
[Site "Groningen"]
[Date "2024.12.22"]
[Round "2.17"]
[White "Slagboom, Leandro"]
[Black "Grooten, Herman"]
[Result "1-0"]
[ECO "B40"]
[WhiteElo "2370"]
[BlackElo "2183"]
[Annotator "TA"]
[PlyCount "93"]
[EventDate "2024.12.21"]
[EventType "swiss"]
[EventCountry "NED"]
[SourceTitle "playchess.com"]
[Source "ChessBase"]
[SourceQuality "1"]
[TimeControl "40/5400+30:1800+30"]

1. e4 c5 2. Nf3 e6 3. c3 Nf6 4. Bd3 d5 5. e5 Nfd7 6. Bc2 Nc6 7. d4 Be7 8. a3 a5 9. h4 f6 10. exf6 Nxf6 11. h5 Qc7 12. Qe2 (12. a4 $11) 12... Bd7 (12... O-O $15) 13. h6 g6 14. Bg5 O-O 15. Nbd2 cxd4 16. cxd4 Bd6 17. O-O Ng4 18. Qd3 (18. Rac1 $17) 18... Bh2+ 19. Kh1 Bf4 20. Bxf4 Qxf4 21. g3 Qxh6+ 22. Kg2 Qg7 (22... Rf6 $142 23. Rae1 Raf8) 23. Rae1 $17 Rac8 24. Ba4 Rf5 25. Bxc6 (25. Qb5 $17) 25... bxc6 $19 (25... Bxc6 $6 26. Rxe6 Bd7 27. Re2 $11) (25... Rxc6 26. Rc1 $15) 26. Nh4 Rh5 27. f4 (27. Rh1 $142) 27... c5 28. Ndf3 Rb8 29. Qc3 c4 (29... cxd4 $19 {has better winning chances.} 30. Nxd4 h6) 30. Qxa5 $17 {[%emt 0:03:52] [#]} Rxb2+ ({Better is} 30... h6 $1 $17 {[%cal Og6g5] ...g5! is the strong threat.} 31. Qc7 Rxb2+ 32. Kg1 Kh7) 31. Kg1 $11 Qe7 {[%emt 0:06:23][%cal Og4h2] Repels Qd8+} 32. Rb1 Rb3 $2 (32... Ra2 $1 $11 {and Black is okay.}) 33. Rxb3 $18 cxb3 34. Rb1 g5 35. Nxg5 (35. fxg5 Qf8 $16) 35... Rxg5 (35... Qf8) 36. fxg5 Qxg5 37. Qe1 (37. Rxb3 Qc1+ 38. Kg2 Qc2+ 39. Kh3 Nf2+ (39... Qxb3 $2 40. Qd8+ Kf7 41. Qxd7+ Kf6 42. Qd8+ Kf7 43. Qc7+ Ke8 44. Kxg4 $18) 40. Kh2 Ng4+ 41. Kh3 Nf2+ 42. Kg2 Ng4+ (42... Qxb3 $2 43. Qd8+ Kf7 44. Qxd7+ Kf6 45. Qd8+ Kf7 46. Qc7+ Ke8 47. Kxf2 $18) 43. Kh3 $11) 37... Qf6 38. Qd2 ({But not} 38. Rxb3 Qxd4+ 39. Kg2 Qc5 $16) 38... e5 (38... Bb5 $16 39. Qf4 (39. Rxb3 $2 Qf1#) 39... Qxf4 40. gxf4 Bc4) 39. Rf1 Qd8 $2 (39... Qe7 {is a better defense.} 40. Rf3 b2 41. Qxb2 exd4) 40. dxe5 Qb6+ 41. Kh1 Ne3 42. Qf2 Qh6 {[%emt 0:00:00] Against Qf8+} 43. Qf7+ Kh8 {[%emt 0:00:00] [#]} 44. e6 $1 Nxf1 (44... Bxe6 45. Qe8+) 45. exd7 Nxg3+ 46. Kg2 Qd2+ 47. Kh3 1-0

[Event "Festival Groningen-A 2024"]
[Site "Groningen"]
[Date "2024.12.22"]
[Round "2.18"]
[White "Koster, Ramon"]
[Black "Hummel, Paul"]
[Result "1-0"]
[ECO "E40"]
[WhiteElo "2330"]
[BlackElo "2160"]
[Annotator "RC"]
[PlyCount "85"]
[EventDate "2024.12.21"]
[EventType "swiss"]
[EventCountry "NED"]
[SourceTitle "playchess.com"]
[Source "ChessBase"]
[SourceQuality "1"]
[TimeControl "40/5400+30:1800+30"]

1. d4 Nf6 2. c4 e6 3. Nc3 Bb4 4. e3 O-O 5. Bd3 Bxc3+ 6. bxc3 d6 7. Ne2 Nc6 8. O-O b6 9. f4 d5 10. Ba3 Re8 11. Ng3 Ba6 12. f5 dxc4 13. Bc2 e5 14. Qf3 Bb7 15. Rad1 exd4 16. cxd4 Nb4 17. Qe2 Nxc2 18. Qxc2 Qd5 19. Bc1 b5 20. Rf4 b4 21. e4 Nxe4 22. Nh5 b3 23. axb3 cxb3 24. Qd3 c5 25. Qh3 Ng5 26. Qg4 Qxg2+ 27. Qxg2 Bxg2 28. Kxg2 Rab8 29. Rff1 Re2+ 30. Kg3 Ne4+ 31. Kf3 b2 32. Bf4 Rb3+ 33. Kxe2 c4 34. Rb1 g6 35. fxg6 hxg6 36. Ng3 Nc3+ 37. Kd2 Nxb1+ 38. Rxb1 Rd3+ 39. Kc2 Rxd4 40. Bd2 Rh4 41. Nf1 Rg4 42. Rxb2 Rg2 43. Kc3 1-0

[Event "Festival Groningen-A 2024"]
[Site "Groningen"]
[Date "2024.12.22"]
[Round "2.19"]
[White "Van der Hagen, Loek"]
[Black "Grooten, Tommy"]
[Result "1/2-1/2"]
[ECO "B81"]
[WhiteElo "2315"]
[BlackElo "2153"]
[Annotator "RC"]
[PlyCount "105"]
[EventDate "2024.12.21"]
[EventType "swiss"]
[EventCountry "NED"]
[SourceTitle "playchess.com"]
[Source "ChessBase"]
[SourceQuality "1"]
[TimeControl "40/5400+30:1800+30"]

1. e4 c5 2. Nf3 e6 3. d4 cxd4 4. Nxd4 Nf6 5. Nc3 d6 6. g4 h6 7. Rg1 Nc6 8. Be3 Be7 9. Qe2 Nxd4 10. Bxd4 e5 11. Be3 Be6 12. O-O-O Nd7 13. Kb1 Rc8 14. Nd5 Bxd5 15. Rxd5 a6 16. Rd1 Nc5 17. f4 exf4 18. Bxf4 Qb6 19. Rg3 O-O 20. c3 Rfe8 21. Bg2 Na4 22. Qc2 Nc5 23. Rd5 Ne6 24. Be3 Qc7 25. Rf5 Bg5 26. Qd2 Qe7 27. e5 dxe5 28. Rxe5 Red8 29. Rd5 Rxd5 30. Qxd5 b5 31. Bxg5 Nxg5 32. Rd3 b4 33. cxb4 Qxb4 34. h3 Ne6 35. Qb3 Qc5 36. Qd1 Rb8 37. Rd2 a5 38. Bd5 Nf4 39. Be4 Qe7 40. Bc2 Nxh3 41. Rd7 Qf6 42. Qd4 Qxd4 43. Rxd4 g6 44. Rd5 Ra8 45. Bd1 Ra7 46. a3 Nf4 47. Rd4 Ne6 48. Rd5 Kf8 49. Ka2 Ke7 50. Bf3 Ng5 51. Be2 Ne6 52. Bf3 Ng5 53. Be2 1/2-1/2

[Event "Festival Groningen-A 2024"]
[Site "Groningen"]
[Date "2024.12.22"]
[Round "2.20"]
[White "Van Foreest, Machteld"]
[Black "Zecha, Oscar"]
[Result "1-0"]
[ECO "C54"]
[WhiteElo "2309"]
[BlackElo "2134"]
[Annotator "RC"]
[PlyCount "55"]
[EventDate "2024.12.21"]
[EventType "swiss"]
[EventCountry "NED"]
[SourceTitle "playchess.com"]
[Source "ChessBase"]
[SourceQuality "1"]
[TimeControl "40/5400+30:1800+30"]

1. e4 e5 2. Nf3 Nc6 3. Bc4 Bc5 4. c3 Nf6 5. d3 d6 6. Nbd2 a6 7. h3 Ba7 8. Bb3 Be6 9. O-O h6 10. Bxe6 fxe6 11. Qb3 Qc8 12. Nc4 O-O 13. Be3 Bxe3 14. fxe3 Nh5 15. Rf2 b5 16. Ncd2 Qe8 17. d4 Qg6 18. Nh4 Qg5 19. Qxe6+ Kh7 20. Ndf3 Qf6 21. Qg4 g6 22. Qd7+ Ne7 23. dxe5 dxe5 24. Nxg6 Qxg6 25. Qxe7+ Kg8 26. Nxe5 Qb6 27. Rxf8+ Rxf8 28. Qxf8+ 1-0

[Event "Festival Groningen-A 2024"]
[Site "Groningen"]
[Date "2024.12.22"]
[Round "2.21"]
[White "De Jong, Migchiel"]
[Black "Jakhari, Ansh"]
[Result "1-0"]
[ECO "E61"]
[WhiteElo "2275"]
[BlackElo "2126"]
[Annotator "RC"]
[PlyCount "87"]
[EventDate "2024.12.21"]
[EventType "swiss"]
[EventCountry "NED"]
[SourceTitle "playchess.com"]
[Source "ChessBase"]
[SourceQuality "1"]
[TimeControl "40/5400+30:1800+30"]

1. Nf3 Nf6 2. c4 g6 3. d4 Bg7 4. e3 d6 5. Nc3 O-O 6. Be2 a6 7. O-O c6 8. b4 Nbd7 9. Bb2 e5 10. Qc2 Re8 11. Rfd1 e4 12. Nd2 Qe7 13. b5 Nf8 14. bxc6 bxc6 15. Ba3 Bf5 16. Qa4 Qc7 17. Rab1 N8d7 18. Rb2 c5 19. Nb3 cxd4 20. Nxd4 Nc5 21. Qc6 Qxc6 22. Nxc6 Bd7 23. Rxd6 Nd3 24. Rb7 Rac8 25. Na5 Bf5 26. Rxa6 Nd7 27. Nd5 N3c5 28. Rc7 Rxc7 29. Nxc7 Nxa6 30. Nxe8 Bc3 31. Nc6 Be6 32. Nd4 Ndc5 33. Nc7 Nb4 34. Ncb5 Bd2 35. Nb3 Nxb3 36. axb3 Bd7 37. Nc7 Bc6 38. Nb5 Bd7 39. Nd4 Nd3 40. c5 Be1 41. Kf1 Bxf2 42. c6 Bc8 43. Bxd3 Bxe3 44. Nc2 1-0

[Event "Festival Groningen-A 2024"]
[Site "Groningen"]
[Date "2024.12.22"]
[Round "2.22"]
[White "Van Rootselaar, Rik"]
[Black "Kazarjan, Gachatur"]
[Result "1/2-1/2"]
[ECO "D30"]
[WhiteElo "2265"]
[BlackElo "2067"]
[Annotator "RC"]
[PlyCount "108"]
[EventDate "2024.12.21"]
[EventType "swiss"]
[EventCountry "NED"]
[SourceTitle "playchess.com"]
[Source "ChessBase"]
[SourceQuality "1"]
[TimeControl "40/5400+30:1800+30"]

1. d4 d5 2. c4 e6 3. Nf3 c5 4. cxd5 exd5 5. g3 Nf6 6. Bg2 Nc6 7. O-O Be7 8. dxc5 Bxc5 9. a3 Ne4 10. Nfd2 O-O 11. Nxe4 dxe4 12. Qxd8 Rxd8 13. Nc3 Nd4 14. Be3 Bg4 15. h3 Bh5 16. g4 Bg6 17. b4 Be7 18. Ra2 a5 19. bxa5 Rxa5 20. Rd1 Ne6 21. Rxd8+ Bxd8 22. a4 h6 23. Bxe4 Bxe4 24. Nxe4 b5 25. Nc3 b4 26. Nb1 b3 27. Rb2 Rxa4 28. Rxb3 Ra2 29. Nc3 Rc2 30. Kf1 Bg5 31. Bxg5 hxg5 32. e3 Nc5 33. Ra3 Kh7 34. Ne2 Ne4 35. f3 Nd2+ 36. Kf2 Rb2 37. e4 Nc4 38. Rc3 Ne5 39. Ke3 Rb1 40. Rc1 Rb3+ 41. Rc3 Rb6 42. f4 gxf4+ 43. Kxf4 Ng6+ 44. Kg3 Rb4 45. Re3 f6 46. Nc3 Kh6 47. Nd5 Rb2 48. Ra3 Re2 49. Ne3 Kg5 50. Nf5 Rxe4 51. Ra7 Rb4 52. Rxg7 Rxg4+ 53. Kh2 Re4 54. Ng3 Ra4 1/2-1/2

[Event "Festival Groningen-A 2024"]
[Site "Groningen"]
[Date "2024.12.22"]
[Round "2.23"]
[White "Van Helvoort, Rob"]
[Black "Ratsma, Midas"]
[Result "0-1"]
[ECO "C65"]
[WhiteElo "2135"]
[BlackElo "2326"]
[Annotator "RC"]
[PlyCount "66"]
[EventDate "2024.12.21"]
[EventType "swiss"]
[EventCountry "NED"]
[SourceTitle "playchess.com"]
[Source "ChessBase"]
[SourceQuality "1"]
[TimeControl "40/5400+30:1800+30"]

1. e4 e5 2. Nf3 Nc6 3. Bb5 Nf6 4. d3 Bc5 5. Bxc6 dxc6 6. Nbd2 O-O 7. Nc4 Nd7 8. O-O Re8 9. Kh1 Bf8 10. Bd2 f6 11. b4 Nb6 12. Nb2 Be6 13. a4 Qd7 14. a5 Nc8 15. c4 c5 16. bxc5 Bxc5 17. Be3 Bf8 18. c5 Rd8 19. Qc2 Ne7 20. Qc3 Nc6 21. Ng1 Nd4 22. f4 exf4 23. Rxf4 Rac8 24. Ra4 Nb5 25. Qc2 b6 26. d4 bxc5 27. d5 Bf7 28. Bxc5 c6 29. Bxf8 Kxf8 30. e5 fxe5 31. Rxf7+ Qxf7 32. dxc6 Kg8 33. Rc4 Na3 0-1

[Event "Festival Groningen-A 2024"]
[Site "Groningen"]
[Date "2024.12.22"]
[Round "2.24"]
[White "Madularea, David"]
[Black "Duijker, Rick"]
[Result "1-0"]
[ECO "C67"]
[WhiteElo "2245"]
[BlackElo "2146"]
[Annotator "RC"]
[PlyCount "41"]
[EventDate "2024.12.21"]
[EventType "swiss"]
[EventCountry "NED"]
[SourceTitle "playchess.com"]
[Source "ChessBase"]
[SourceQuality "1"]
[TimeControl "40/5400+30:1800+30"]

1. e4 e5 2. Nf3 Nc6 3. Bb5 Nf6 4. O-O Nxe4 5. Re1 Nd6 6. Nxe5 Nxe5 7. Rxe5+ Be7 8. Bf1 O-O 9. d4 Bf6 10. Bd3 g6 11. Nc3 Bg7 12. Qf3 Ne8 13. Bc4 d6 14. Bg5 Qd7 15. Re7 Qf5 16. Qe3 Bxd4 17. Qxd4 Qxg5 18. Bxf7+ Rxf7 19. Rxe8+ Rf8 20. Rxf8+ Kxf8 21. Qh8+ 1-0

[Event "Festival Groningen-A 2024"]
[Site "Groningen"]
[Date "2024.12.22"]
[Round "2.25"]
[White "Noordenbos, Daan"]
[Black "Bakija, Alan"]
[Result "1/2-1/2"]
[ECO "C79"]
[WhiteElo "2130"]
[BlackElo "2233"]
[Annotator "RC"]
[PlyCount "66"]
[EventDate "2024.12.21"]
[EventType "swiss"]
[EventCountry "NED"]
[SourceTitle "playchess.com"]
[Source "ChessBase"]
[SourceQuality "1"]
[TimeControl "40/5400+30:1800+30"]

1. e4 e5 2. Nf3 Nc6 3. Bb5 a6 4. Ba4 d6 5. c3 Nf6 6. O-O Bd7 7. d4 g6 8. Nbd2 Bg7 9. Bxc6 Bxc6 10. dxe5 Nxe4 11. Nxe4 Bxe4 12. Ng5 Bf5 13. Qb3 O-O 14. e6 fxe6 15. Nxe6 Bxe6 16. Qxe6+ Kh8 17. Qg4 Qc8 18. Qxc8 Raxc8 19. Be3 Rce8 20. Rfe1 Kg8 21. Kf1 Rf5 22. Rad1 Ra5 23. a3 Rae5 24. Bf4 Rxe1+ 25. Rxe1 Rxe1+ 26. Kxe1 b5 27. Kd2 Kf7 28. b3 Ke6 29. Be3 d5 30. Kd3 Kd6 31. Bf4+ Kd7 32. Be3 Kd6 33. Bf4+ Kd7 1/2-1/2

[Event "Festival Groningen-A 2024"]
[Site "Groningen"]
[Date "2024.12.22"]
[Round "2.26"]
[White "Cernov, Henrik"]
[Black "Khoo-Thwe, Louis"]
[Result "1-0"]
[ECO "C68"]
[WhiteElo "2187"]
[BlackElo "2124"]
[Annotator "RC"]
[PlyCount "53"]
[EventDate "2024.12.21"]
[EventType "swiss"]
[EventCountry "NED"]
[SourceTitle "playchess.com"]
[Source "ChessBase"]
[SourceQuality "1"]
[TimeControl "40/5400+30:1800+30"]

1. e4 e5 2. Nf3 Nc6 3. Bb5 a6 4. Bxc6 dxc6 5. Nc3 Qf6 6. d4 exd4 7. Bg5 Qg6 8. Qxd4 Be7 9. Bxe7 Nxe7 10. O-O-O O-O 11. h4 Bg4 12. Kb1 Qh5 13. Ne2 Bxf3 14. Ng3 Qa5 15. gxf3 h6 16. f4 c5 17. Qe3 Rad8 18. f5 Qb6 19. Nh5 Kh7 20. f6 gxf6 21. e5 Ng6 22. Nxf6+ Kg7 23. h5 Rxd1+ 24. Rxd1 c4 25. hxg6 Qxe3 26. fxe3 Kxg6 27. e4 1-0

[Event "Festival Groningen-A 2024"]
[Site "Groningen"]
[Date "2024.12.22"]
[Round "2.27"]
[White "Ritzerveld, Noah"]
[Black "Kanis, Sierk"]
[Result "1-0"]
[ECO "B15"]
[WhiteElo "2182"]
[BlackElo "2116"]
[Annotator "RC"]
[PlyCount "81"]
[EventDate "2024.12.21"]
[EventType "swiss"]
[EventCountry "NED"]
[SourceTitle "playchess.com"]
[Source "ChessBase"]
[SourceQuality "1"]
[TimeControl "40/5400+30:1800+30"]

1. e4 c6 2. d4 d5 3. Nc3 dxe4 4. Nxe4 Nf6 5. Nxf6+ exf6 6. Be3 Bd6 7. Bd3 O-O 8. Ne2 Re8 9. O-O Nd7 10. c4 Nf8 11. Ng3 Be6 12. Qd2 Qd7 13. Rad1 Rad8 14. b4 Bb8 15. Qc2 Qc7 16. Rfe1 h5 17. h3 h4 18. Nf1 Ng6 19. Bf5 Nf4 20. Bxe6 Rxe6 21. Rd2 b5 22. Bxf4 Qxf4 23. Rxe6 fxe6 24. cxb5 cxb5 25. Qc6 Qf5 26. Ne3 Qb1+ 27. Rd1 Qxa2 28. d5 exd5 29. Qe6+ Kf8 30. Nf5 Re8 31. Qd7 Re5 32. Rc1 Qc2 33. Qxg7+ Ke8 34. Qg8+ Kd7 35. Qf7+ Kd8 36. Qxf6+ Kd7 37. Qg7+ Kd8 38. Qg5+ Kd7 39. g4 Qe4 40. Qg7+ Kd8 41. Qf6+ 1-0